Map: Dead of Night

Players

NamroodTuo

  • Race: Zerg Zerg

OrhunÇelebi

  • Race: Protoss Protoss
  • Spawn Location: 0:00

VOD

Have the link to the VOD?

Description

Time

  • Played on: May 30, 2023, 8:08 a.m.
  • Length: 31:12
Show
View Real Time Build Order
Export as new Build Order

NamroodTuo Zerg 

Build Orders:  

Get SALT Encoding   

  12  0:13  Overlord  
  12  0:19  Infested SCV  
  13  0:45  Infested Barracks  
  13  0:46  Infested SCV  
  13  0:49  Infested SCV  
  15  1:04  Infested SCV  
  15  1:05  Infested SCV  
  17  1:23  Infested SCV  
  18  1:32  Infestation Level 1  
  18  1:35  Infested SCV  
  19  1:40  Infested SCV  
  19  1:45  Infested SCV  
  21  1:53  Infested Refinery  
  21  1:56  Infested SCV  
  22  2:07  Overlord  
  22  2:20  Infested Engineering Bay, Infested SCV  
  23  2:36  Overlord  
  23  3:00  Infested Refinery  
  27  3:14  Infested Bunker  
  27  3:19  Infested Barracks Tech Lab  
  27  3:25  Infested SCV x3  
  30  3:36  Retinal Augmentation  
  30  3:39  Infestation Level 2  
  29  4:15  Stukov Infantry Weapons Level 1  
  28  4:40  Infested SCV  
  28  4:41  Infested SCV x4  
  28  4:49  Infested Bunker  
  37  4:58  Overlord  
  37  5:17  Anaerobic Enhancement  
  37  5:27  Infested SCV x2  
  39  5:38  Infested Refinery  
  39  5:39  Infested Marine  
  40  5:40  Infested Marine x7  
  47  5:52  Overlord  
  47  5:55  Overlord  
  47  6:08  Overlord  
  47  6:19  Infested Missile Turret  
  47  6:22  Infested SCV x2  
  47  6:29  Infested SCV  
  48  6:30  Infested SCV  
  48  6:35  Infested SCV  
  50  6:41  Broodling Gestation  
  50  6:44  Plagued Munitions  
  50  6:48  Infested SCV  
  49  7:12  Stukov Infantry Armor Level 1  
  49  7:23  Infested Bunker  
  49  7:26  Infested SCV  
  54  7:33  Infested SCV  
  49  7:50  Infested SCV x2  
  51  8:09  Infested Marine  
  52  8:10  Infested Marine x14  
  52  8:11  Infested Marine  
  71  8:41  Infested Bunker  
  71  8:49  Unknown  
  71  8:50  Infested Factory  
  71  9:02  Regenerative Plating  
  71  9:19  Stukov Infantry Armor Level 2  
  71  9:56  Infested Armory  
  71  10:04  Overlord x4  
  55  10:10  Infested Bunker  
  59  11:06  Infested Bunker  
  67  11:13  Infested Bunker  
  67  11:19  Infestation Level 3  
  67  11:24  Stukov Infantry Weapons Level 2  
  67  11:39  Infested Factory Tech Lab  
  67  11:54  Infested Missile Turret  
  67  12:01  Aggressive Incubation  
  67  12:11  Infested SCV x2  
  67  12:14  Overlord x2  
  67  12:15  Overlord, Automated Mitosis  
  69  13:03  Infested Bunker  
  69  13:07  Infested Siege Tank  
  76  13:11  Overlord  
  76  13:26  Stukov Infantry Armor Level 3  
  76  13:32  Infested Missile Turret  
  76  13:36  Infested Siege Tank  
  79  13:55  Infested Bunker  
  83  14:26  Infested Siege Tank  
  86  14:35  Infested Marine  
  86  14:36  Infested Marine x10  
  86  14:37  Infested Marine  
  98  15:05  Infested Siege Tank  
  98  15:06  Infested Siege Tank  
  104  15:25  Stukov Vehicle and Ship Armor Level 1  
  104  16:09  Stukov Infantry Weapons Level 3  
  104  16:28  Stukov Vehicle and Ship Weapons Level 1  
  92  16:58  Calcified Armor  
  92  17:05  Infested Bunker  
  100  17:10  Infested Siege Tank  
  100  17:11  Infested Siege Tank x2  
  100  17:15  Infested Bunker  
  109  17:20  Infested Marine  
  109  17:21  Infested Marine x16  
  109  17:26  Overlord  
  126  18:39  Infested Bunker  
  113  19:25  Infested Siege Tank x3  
  113  19:26  Infested Siege Tank  
  113  19:28  Overlord x4  
  125  19:35  Overseer x4  
  125  19:36  Overseer x4  
  125  20:08  Infested Missile Turret  
  125  20:14  Infested Missile Turret  
  125  20:17  Stukov Vehicle and Ship Armor Level 2  
  125  21:10  Acidic Enzymes  
  125  21:50  Overseer  
  125  21:57  Caustic Mucus  
  125  21:59  Overseer  
  125  22:16  Stukov Vehicle and Ship Weapons Level 2  
  125  22:37  Saturated Cultures  
  125  22:49  Infested Bunker  
  133  22:54  Infested Bunker  
  133  24:16  Stukov Vehicle and Ship Armor Level 3  
  133  25:18  Overlord  
  133  25:19  Overlord x4  
  133  25:49  Infested Bunker  
  145  26:04  Infested Bunker  
  145  26:36  Infested Bunker  
  145  26:49  Infested Siege Tank  
  156  26:50  Infested Siege Tank x4  
  168  27:25  Infested Bunker  
  168  27:34  Infested Bunker  
  168  28:33  Infested Bunker  
  176  28:46  Infested Bunker  
  180  29:22  Infested Bunker  
  180  30:44  Infested Marine  
  180  30:45  Infested Marine x15  
  180  30:46  Infested Marine x4  
Show
View Real Time Build Order
Export as new Build Order

OrhunÇelebi Protoss 

Build Orders:  

Get SALT Encoding   

  12  0:42  Probe (Chrono Boost)  
  13  0:54  Probe (Chrono Boost)  
  13  0:55  Pylon  
  14  1:00  Assimilator  
  14  1:06  Probe (Chrono Boost)  
  15  1:16  Assimilator  
  15  1:18  Probe (Chrono Boost)  
  16  1:30  Probe (Chrono Boost)  
  17  1:42  Probe (Chrono Boost)  
  17  1:44  Pylon  
  18  1:54  Probe (Chrono Boost)  
  19  2:02  Forge  
  19  2:07  Probe (Chrono Boost)  
  20  2:19  Probe (Chrono Boost)  
  21  2:31  Probe (Chrono Boost)  
  22  2:43  Probe (Chrono Boost)  
  23  2:55  Probe (Chrono Boost)  
  23  2:56  Optimized Ordinance  
  24  3:01  Gateway  
  24  3:03  Assimilator  
  24  3:07  Probe (Chrono Boost)  
  25  3:30  Photon Cannon  
  25  3:36  Photon Cannon x2  
  25  3:42  Enhanced Targeting  
  25  3:59  Photon Cannon  
  25  4:03  Photon Cannon  
  25  4:11  Photon Cannon  
  25  4:20  Probe (Chrono Boost)  
  26  4:33  Probe (Chrono Boost)  
  26  4:39  Pylon  
  27  4:44  Solar Efficiency Level 1  
  27  4:45  Probe (Chrono Boost)  
  27  4:48  Photon Cannon  
  28  5:08  Probe (Chrono Boost)  
  28  5:10  Cybernetics Core  
  29  5:30  Fortification Barrier  
  29  6:17  Warp Gate  
  29  6:21  Photon Cannon  
  29  6:26  Probe (Chrono Boost)  
  30  6:38  Probe (Chrono Boost)  
  30  6:40  Robotics Facility  
  30  6:42  Twilight Council  
  30  6:48  Pylon  
  31  6:50  Probe (Chrono Boost)  
  31  6:56  Pylon  
  32  7:00  Pylon  
  32  7:02  Probe (Chrono Boost)  
  33  7:14  Probe (Chrono Boost)  
  34  7:23  Shield Battery  
  34  7:26  Probe (Chrono Boost)  
  35  7:30  Khaydarin Monolith  
  35  7:38  Probe (Chrono Boost)  
  35  7:42  Protoss Shields Level 1  
  36  7:50  Solar Efficiency Level 2  
  36  8:08  Phase Detonation  
  36  8:12  Probe (Chrono Boost)  
  37  8:20  Rapid Recharging  
  37  8:58  Gateway  
  37  9:02  Gateway  
  37  9:06  Gateway  
  37  9:24  Robotics Bay  
  37  9:38  Energizer  
  39  9:57  Energizer  
  41  10:01  Protoss Ground Weapons Level 1  
  41  10:13  Pylon  
  41  10:18  Pylon  
  41  10:25  Khaydarin Monolith  
  41  10:27  Photon Cannon  
  41  10:30  Photon Cannon  
  41  10:39  Shield Battery  
  41  10:41  Photon Cannon  
  41  10:43  Photon Cannon  
  41  10:45  Photon Cannon  
  41  10:56  Energizer  
  41  11:11  Khaydarin Monolith  
  41  11:14  Photon Cannon  
  41  11:17  Solar Efficiency Level 3  
  41  11:20  Photon Cannon  
  41  11:22  Energizer x2  
  43  11:47  Energizer  
  45  12:32  Protoss Shields Level 2  
  45  12:42  Khaydarin Monolith  
  45  12:48  Energizer  
  45  12:52  Photon Cannon  
  45  12:53  Photon Cannon  
  45  13:00  Khaydarin Monolith  
  45  13:05  Advanced Repair Systems, Shield Battery  
  45  13:09  Extended Thermal Lance  
  45  13:10  Photon Cannon  
  45  13:12  Photon Cannon  
  45  13:14  Energizer  
  45  13:15  Immortal  
  47  13:40  Pylon  
  47  13:47  Pylon  
  53  14:04  Fire Beam  
  53  14:35  Unknown  
  53  14:43  Khaydarin Monolith  
  53  15:22  Protoss Ground Weapons Level 2  
  53  15:59  Solar Flare  
  53  16:22  Photon Cannon  
  53  16:26  Photon Cannon  
  53  16:29  Photon Cannon  
  53  16:43  Protoss Shields Level 3, Photon Cannon  
  53  16:45  Photon Cannon  
  53  16:46  Photon Cannon  
  53  16:51  Khaydarin Monolith, Photon Cannon  
  53  17:01  Shield Battery  
  53  17:04  Energizer  
  55  17:11  Photon Cannon  
  55  17:19  Photon Cannon  
  55  17:29  Immortal  
  55  17:44  Immortal  
  67  19:12  Immortal  
  73  20:05  Immortal  
  73  20:11  Energizer  
  81  20:35  Protoss Ground Weapons Level 3  
  81  21:22  Pylon  
  81  21:25  Pylon  
  81  21:28  Pylon x2  
  87  21:53  Observer  
  87  22:01  Immortal  
  82  22:14  Immortal  
  82  22:16  Energizer  
  82  22:22  Stargate  
  88  23:14  Sentinel  
  88  23:15  Sentinel x3  
  99  23:59  Energizer  
  101  24:00  Mirage, Energizer  
  105  24:22  Energizer  
  101  24:30  Mirage  
  101  24:41  Immortal  
  101  24:46  Sentinel  
  101  24:49  Sentinel  
  103  24:50  Sentinel x2  
  113  26:03  Observer  
  111  26:11  Immortal  
  110  26:37  Immortal  
  108  27:17  Energizer  
  107  27:52  Sentinel  
  107  27:54  Sentinel  
  107  27:55  Sentinel  
  113  28:15  Immortal  
  111  29:08  Immortal  
Tags
 
Commander
KaraxStukov
Matchup
Co-op
Replay Pack
Multiplayer
Add a new tag
Caveats
  • Supply blocks, unpowered buildings, or Contaminate may cause inaccurate times.
  • Supply counts are checked every 10 seconds.